AoeStats
← El_Manu>CL<

Arabia

509344981Analyzed
1v1 RM · 5d ago on Sep 26, 2026· 47m 50s· 2 players
Game mode
Random Map
Map size
Tiny (2 player)
Population
200
Speed
Normal
Resources
Standard
Victory
Conquest
Starting age
Dark Age
Ending age
Imperial Age
RankedLock teamsTeams togetherTeam positionsShared explorationLock speedFull tech treeHidden civsTurbo modeCheats
Victory
Defeat
🇨🇳 Franks · China
1037
+17
🇨🇱 Magyars · Chile
1048
-17
贝恩思德
7:27 Loom
7:37 Loom
10:31 Feudal Age
16:14 Castle Age
15:03 Double-Bit Axe
20:05 Forging
19:58 Husbandry
22:00 Scale Barding Armor
25:01 Scale Mail Armor
25:00 Pikeman
30:28 Squires
32:15 Wheelbarrow
36:34 Imperial Age
35:39 Iron Casting
36:06 Chain Barding Armor
36:55 Chain Mail Armor
36:38 Cavalier
39:24 Blast Furnace
43:38 Halberdier
El_Manu>CL<
3:01 Loom
10:13 Feudal Age
10:40 Horse Collar
10:46 Double-Bit Axe
21:10 Castle Age
23:34 Bloodlines
24:59 Wheelbarrow
25:30 Heavy Plow
27:06 Gold Mining
28:17 Bow Saw
28:00 Elite Skirmisher
29:27 Scale Barding Armor
29:13 Fletching
31:18 Hand Cart
32:03 Town Watch
34:16 Town Patrol
34:15 Light Cavalry
36:30 Gold Shaft Mining
35:45 Stone Mining
39:31 Imperial Age
38:41 Chain Barding Armor
41:53 Two-Man Saw
40:56 Cavalier
43:59 Recurve Bow
46:41 Husbandry
Connection lost

Rejoining the realm…

Still unreachable

The connection could not be restored.

Session expired

The server has moved on; the page needs a fresh start.